 Dungeon Crawl Stone Soup version 0.28.0-1-gb440e238dd (webtiles) character file.

Game seed: 11727900023615381760

19 Aksej the Skirmisher (level 2, -5/29 HPs)
             Began as a Hill Orc Monk on Feb 22, 2022.
             Killed by nerve-wracking pain
             ... invoked by Jessica
              (13 damage)
             ... on level 2 of the Dungeon.
             The game lasted 00:02:25 (1309 turns).

Aksej the Skirmisher (Hill Orc Monk)                Turns: 1309, Time: 00:02:27

Health: -5/29      AC:  2    Str: 13    XL:     2   Next: 75%
Magic:  2/2        EV: 16    Int: 10    God:
Gold:   11         SH:  0    Dex: 13    Spells: 1/1 levels left

rFire   . . .      SeeInvis .   a - +0 spear
rCold   . . .      Faith    .   (no shield)
rNeg    . . .      Spirit   .   b - +0 robe
rPois   .          Reflect  .   (no helmet)
rElec   .          Harm     .   (no cloak)
rCorr   .          Rampage  .   (no gloves)
Will    .....                   (no boots)
Stlth   ++........              (no amulet)
HPRegen 0.09/turn               d - +4 ring of evasion
MPRegen 0.08/turn               (no ring)

@: no status effects
A: mutation resistance 1, robust 1
a: no special abilities


You were on level 2 of the Dungeon.
You visited 1 branch of the dungeon, and saw 2 of its levels.

You collected 11 gold pieces.

Inventory:

Hand Weapons
 a - a +0 spear (weapon)
Armour
 b - a +0 robe (worn)
Jewellery
 d - a +4 ring of evasion (left hand)
Potions
 c - a potion of lignification {unknown}
 f - a potion of flight {unknown}


   Skills:
 * Level 4.0 Fighting
 + Level 3.6 Polearms
 + Level 2.7 Dodging
 + Level 1.6 Stealth


You had one spell level left.
You didn't know any spells.
Your spell library was empty.

Dungeon Overview and Level Annotations

Branches:
Dungeon (2/15)

Altars:

Annotations:
D:2 Jessica


Innate Abilities, Weirdness & Mutations

You are somewhat resistant to further mutation.
You are robust. (+10% HP)


Message History

You hit the ball python.
You kill the ball python!
HP restored.
Things that are here:
a +0 short sword; a kobold skeleton
c - a bubbling cyan potion Jessica the Apprentice Sorceress comes into view.
She is wielding a +0 dagger, wearing a +2 robe of the Archmagi and carrying a wand of flame (12).
Jessica shouts!
You reach to attack!
You hit Jessica but do no damage.
Jessica points at you and mumbles some strange words.
You barely resist.
You reach to attack!
You hit Jessica.
Jessica is lightly wounded.
You hit Jessica.
Jessica is heavily wounded.
Jessica casts a spell.
Jessica seems to speed up.
You barely miss Jessica.
Jessica is heavily wounded.
Jessica closely misses you.
You hit Jessica.
Jessica is almost dead.
Jessica zaps a wand.
The puff of flame hits you!
You hit Jessica but do no damage.
Jessica is almost dead.
Jessica hits you with a +0 dagger. Jessica completely misses you.
You hit Jessica but do no damage.
Jessica is almost dead.
Jessica says, "Why did you come here?" Jessica misses you.
You hit Jessica but do no damage.
Jessica is almost dead.
Jessica hits you with a +0 dagger.
You hit Jessica but do no damage.
Jessica is almost dead.
Jessica hits you with a +0 dagger.
* * * LOW HITPOINT WARNING * * *
Jessica points at you and mumbles some strange words.
Pain shoots through your body!
You die...

.#)#............##.##
...#......##.#......
.<.#......#.......# #
...#.............##
.. ..##....[.#.....##
.. ###.......##.....#
..
..........####..#.#.#
..#.....###
#..##.##..# ######..#
#..@@.....# ...#
#...##....# #.#.#
#.(.. ..# #####. # .#
#


You could see Jessica (fast).

Vanquished Creatures
  2 ball pythons (D:2)
  2 endoplasms
  5 hobgoblins
  2 quokkas
  A bat (D:1)
  2 frilled lizards (D:1)
  A kobold (D:2)
  2 rats (D:1)
17 creatures vanquished.

Notes
Turn   | Place    | Note
-------+----------+-------------------------------------------
     0 | D:1      | Aksej the Hill Orc Monk began the quest for the Orb.
     0 | D:1      | Reached XP level 1. HP: 19/19 MP: 1/1
   341 | D:1      | Reached XP level 2. HP: 16/27 MP: 2/2
  1005 | D:1      | Gained mutation: You have a pair of small antennae on your
                  | head. [potion of mutation]
  1006 | D:1      | Lost mutation: You have a pair of small antennae on your
                  | head. [potion of mutation]
  1006 | D:1      | Gained mutation: You are somewhat resistant to further
                  | mutation. [potion of mutation]
  1006 | D:1      | Gained mutation: You are robust. (+10% HP) [potion of
                  | mutation]
  1036 | D:2      | Found a faded altar of an unknown god.
  1069 | D:2      | Reached skill level 4 in Fighting
  1299 | D:2      | Noticed Jessica
  1309 | D:2      | Killed from afar by Jessica

Illustrated notes

Levels and vault maps discovered:
D:1:      nzn_arrival_settlement, layout_basic, dk_noncrumbling_4
D:2:      layout_loops_ring, nicolae_ecumenical_pavilion, serial_shops,
          nicolae_square_shop, uniq_jessica

Skill      XL: |  1  2 |
---------------+-------+-----
Fighting       | 4 |  4.0
Polearms       | |  3.6
Dodging        | |  2.7
Stealth        | |  1.6

Action                   || total
-------------------------++-------
Melee: Spear             ||    74
       Punch             ||     1
  Use: Scroll            ||     2
       Potion            ||     2
 Stab: Sleeping          ||     3
Armor: Robe              ||     5
Dodge: Dodged            ||    36
